 Dungeon Crawl Stone Soup version 0.19.1 (webtiles) character file.

160 Nakatomy the Magician (level 5, -4/28 HPs)
             Began as a Deep Elf Fire Elementalist on Dec 23, 2016.
             Slain by an orc
             ... wielding a cursed +0 flail
              (11 damage)
             ... on level 3 of the Dungeon.
             The game lasted 00:10:16 (3119 turns).

Nakatomy the Magician (Deep Elf Fire Elementalist)  Turns: 3119, Time: 00:10:17

Health: -4/28      AC:  2    Str:  5    XL:     5   Next: 17%
Magic:  10/14      EV: 13    Int: 21    God:
Gold:   150        SH:  0    Dex: 15    Spells: 4 memorised, 3 levels left

rFire  . . .     SeeInvis .     d - +0 dagger
rCold  . . .     Gourm    .     a - +0 robe
rNeg   . . .     Faith    .     (no shield)
rPois  .         Spirit   .     (no helmet)
rElec  .         Reflect  .     (no cloak)
rCorr  .         Harm     .     (no gloves)
MR     .....                    (no boots)
Stlth  ++........               (no amulet)
                                (no ring)
                                (no ring)

@: no status effects
A: no striking features
a: no special abilities


You were on level 3 of the Dungeon.
You were not hungry.

You visited 1 branch of the dungeon, and saw 3 of its levels.

You collected 150 gold pieces.

Inventory:

Hand Weapons
 d - a +0 dagger (weapon)
Armour
 a - a +0 robe (worn)
Jewellery
 f - a cursed ring of teleportation {unknown}
 q - an uncursed amulet of the gourmand {unknown}
Scrolls
 e - a scroll of identify {unknown}
 h - a scroll of enchant weapon {unknown}
 l - a scroll of fear {unknown}
 m - a scroll of enchant armour {unknown}
 n - a scroll of recharging {unknown}
Potions
 i - 2 potions of curing {unknown}
 j - a potion of degeneration {unknown}
 o - a potion of lignification {unknown}
Books
 b - a book of Flames

   Spells                             Type                      Level
   a - Flame Tongue                   Conjuration/Fire             1
   b - Throw Flame                    Conjuration/Fire             2
   c - Conjure Flame                  Conjuration/Fire             3
   d - Inner Flame                    Hexes/Fire                   3
   e - Sticky Flame                   Conjuration/Fire             4
   f - Fireball                       Conjuration/Fire             5
Comestibles
 c - 3 bread rations
 g - a meat ration
 k - a royal jelly
 p - 2 slices of pizza
 r - 2 chunks of flesh


   Skills:
 - Level 2.4 Dodging
 - Level 2.4 Stealth
 + Level 4.6 Spellcasting
 + Level 3.5 Conjurations
 + Level 4.5 Fire Magic


You had 3 spell levels left.
You knew the following spells:

 Your Spells              Type           Power        Failure   Level  Hunger
a - Flame Tongue          Conj/Fire      ###..        1%          1    None
b - Throw Flame           Conj/Fire      ###...       3%          2    #......
c - Conjure Flame         Conj/Fire      ###.....     10%         3    ##.....
d - Sticky Flame          Conj/Fire      ###.....     24%         4    ####...


Dungeon Overview and Level Annotations

Branches:
Dungeon (3/15)

Altars:


Message History

Press: ? - help, Shift-Dir - straight line, f/p - gnoll
Aim: a gnoll, wielding a halberd (almost dead)
The flame tongue hits the gnoll.
You kill the gnoll!
The goblin misses you. The orc closely misses you. The orc barely misses you.
The orc closely misses you.
Casting: Flame Tongue
Confirm with . or Enter, or press ? or * to list all spells.
Aiming: Flame Tongue
Press: ? - help, Shift-Dir - straight line, f - orc
Aim: an orc, wielding a war axe and wearing a leather armour The flame tongue hits the orc.
The orc is heavily wounded.
The goblin hits you with a dagger. The orc misses you. x2
The orc hits you with a flail.
* * * LOW HITPOINT WARNING * * *
The orc misses you. The goblin misses you. The orc hits you but does no damage.
The orc closely misses you. x2; The orc hits you with a flail!
You die...

#.## ...# #..#
#..# ###
####..# ....
#....(#.!.#
#..oo.....#
#..o@.>...#
#...go.....#
....).......##
..(?..#######
..$[.# #....
##.# ..


You could see 4 orcs and a goblin.

Vanquished Creatures
  5 gnolls
  2 adders (D:2)
  A worm (D:2)
  3 orcs
  9 bats
  4 giant cockroaches
  5 goblins
  7 hobgoblins
  13 jackals
  A quokka (D:2)
  A ball python (D:2)
  5 frilled lizards
  8 kobolds
  24 rats
88 creatures vanquished.

Notes
Turn   | Place    | Note
-------+----------+-------------------------------------------
     0 | D:1      | Nakatomy the Deep Elf Fire Elementalist began the quest for the Orb.
     0 | D:1      | Reached XP level 1. HP: 10/10 MP: 6/6
   291 | D:1      | Reached XP level 2. HP: 15/15 MP: 5/8
   507 | D:1      | Learned a level 2 spell: Throw Flame
   921 | D:2      | Reached XP level 3. HP: 17/19 MP: 3/10
  2113 | D:2      | Reached XP level 4. HP: 21/24 MP: 7/12
  2121 | D:2      | Learned a level 3 spell: Conjure Flame
  2126 | D:2      | Learned a level 4 spell: Sticky Flame
  2890 | D:3      | Reached XP level 5. HP: 28/28 MP: 11/13
  3119 | D:3      | Slain by an orc

Skill      XL: |  1  2  3  4 |
---------------+-------------+-----
Conjurations   | 2 3 |  3.5
Spellcasting   | 4 |  4.6
Fire Magic     | 4 |  4.5
Dodging        | |  2.4
Stealth        | |  2.4

Action                   |  1- 3 |  4- 6 || total
-------------------------+-------+-------++-------
Melee: Dagger            |     5 |    27 ||    32
 Cast: Flame Tongue      |    74 |    47 ||   121
       Throw Flame       |     8 |    12 ||    20
 Stab: Sleeping          |     1 |       ||     1
  Eat: Chunk             |     3 |     4 ||     7
Armor: Robe              |     2 |     8 ||    10
Dodge: Dodged            |    28 |    43 ||    71
